 Dungeon Crawl Stone Soup version 0.29-a0-275-g389c0b56f3 (webtiles) character file.

Game seed: 17281835391208045008

359690 iguanaiguana the Unseen (level 21, -4/125 HPs)
             Began as a Vampire Enchanter on Mar 5, 2022.
             Was the Champion of Cheibriados.
             Slain by a nargun (14 damage)
             ... while petrified by a nargun
             ... on level 2 of the Depths on Mar 10, 2022.
             The game lasted 04:09:24 (53850 turns).

iguanaiguana the Unseen (Vampire Enchanter)        Turns: 53850, Time: 04:09:24

Health: -4/125     AC: 25    Str: 25      XL:     21   Next: 77%
Magic:  30/35      EV:  2    Int: 47      God:    Cheibriados [******]
Gold:   534        SH:  0    Dex: 29 (31) Spells: 2/40 levels left

rFire   + + +      SeeInvis +   W - +9 rapier (protect)
rCold   + . .      Faith    .   V - +2 kite shield
rNeg    + + +      Spirit   .   y - +2 fire dragon scales
rPois   ∞          Reflect  .   (helmet restricted)
rElec   .          Harm     .   E - +2 cloak of the Thief {*Fog Slay-2 SInv Stlth+}
rCorr   .          Rampage  .   Z - +2 pair of gloves {Str+3}
Will    +....      Archmagi +   C - +1 pair of boots {Fly}
Stlth   ++++++++++              t - amulet "Ereafrasch" {rF+ Will+ Regen+ Int+5}
HPRegen 0.00/turn               m - +4 ring of protection
MPRegen 0.24/turn               j - ring of the Mage {Wiz Archmagi}

@: petrified, weak-willed, unable to drink, attractive, flying, bloodless,
inhibited regen, very slow
A: bloodless, fangs 3, see invisible, vampiric 2, antennae 1, deterioration 1,
passive freeze
}: 1/15 runes: barnacled
a: Bat Form, Revivify, Renounce Religion, Bend Time, Temporal Distortion,
Slouch, Step From Time


You were on level 2 of the Depths.
You worshipped Cheibriados.
Cheibriados was exalted by your worship.
You visited 8 branches of the dungeon, and saw 37 of its levels.
You also visited: Bailey and Ice Cave.

You collected 4789 gold pieces.
You spent 4255 gold pieces at shops.

Inventory:

Hand Weapons
 b - the +8 long sword of No Interval {vorpal, rF+ Str+2 Int+4}
   (You found it on level 4 of the Dungeon)

   It inflicts extra damage upon your enemies.
   Str:       It affects your strength (+2).
   Int:       It affects your intelligence (+4).
   rF:        It protects you from fire.
 Q - a +1 quick blade of holy wrath
 W - a +9 rapier of protection (weapon)
Missiles
 n - 48 poisoned darts (quivered)
 M - 12 throwing nets
 O - 11 curare-tipped darts
Armour
 g - a +2 buckler of reflection
 p - a +2 helmet
 y - +2 fire dragon scales (worn)
 C - a +1 pair of boots of flying (worn)
 E - the +2 cloak of the Thief (worn) {*Fog Slay-2 SInv Stlth+}
   (You acquired it in a bailey)

   It may release a thick cloud of smoke when the wearer is hurt.
   Slay:      It affects your accuracy & damage with ranged weapons and melee
   (-2).
   SInv:      It lets you see invisible.
   Stlth:     It makes you more stealthy.
 V - a +2 kite shield (worn)
 Z - a +2 pair of gloves of strength (worn)
Magical Staves
 F - a staff of air
Jewellery
 c - a ring of magical power
 j - the ring of the Mage (right hand) {Wiz Archmagi}
   (You found it on level 2 of the Dungeon)

   [ring of wizardry]

   It improves your spell success rate.
   Archmagi:  It increases the power of your magical spells.
 l - a ring of flight
 m - a +4 ring of protection (left hand)
 t - the amulet "Ereafrasch" (around neck) {rF+ Will+ Regen+ Int+5}
   (You acquired it on level 2 of the Orcish Mines)

   [amulet of regeneration]

   Int:       It affects your intelligence (+5).
   rF:        It protects you from fire.
   Regen:     It increases your rate of health regeneration.
   Will:      It increases your willpower.
 u - a +6 ring of intelligence
 B - a ring of willpower
 G - a ring of magical power
 R - a ring of ice
Wands
 d - a wand of mindburst (34)
 o - a wand of acid (13) {@v1}
 q - a wand of paralysis (35)
 r - a wand of digging (4) {@v3}
 v - a wand of iceblast (34) {@v2}
 w - a wand of polymorph (15)
 x - a wand of flame (65)
Scrolls
 a - 3 scrolls of vulnerability
 e - a scroll of blinking {@r4}
 z - a scroll of immolation
 A - 3 scrolls of amnesia
 D - 4 scrolls of fear
 K - 2 scrolls of silence
 L - 6 scrolls of magic mapping {@r5}
 N - 4 scrolls of teleportation {@r3}
 U - 3 scrolls of fog
Potions
 f - 8 potions of ambrosia
 h - 5 potions of lignification
 i - 2 potions of might {@q3}
 k - 4 potions of magic
 s - 2 potions of resistance {@q5}
 H - 3 potions of curing {@q1}
 I - 7 potions of brilliance
 J - a potion of cancellation
 P - a potion of flight
 S - 2 potions of invisibility
 T - a potion of heal wounds {@q2}
Miscellaneous
 X - a lightning rod (4/4)


   Skills:
 - Level 11.4 Fighting
 - Level 13.7(14.0) Short Blades
 - Level 4.0(9.1) Long Blades
 - Level 7.1 Armour
 - Level 13.4 Dodging
 - Level 19.7 Stealth
 * Level 10.3 Shields
 - Level 10.1 Spellcasting
 * Level 4.6 Conjurations
 + Level 17.6 Hexes
 - Level 2.7 Necromancy
 - Level 2.0 Translocations
 - Level 11.0 Transmutations
 + Level 17.0 Ice Magic
 - Level 1.4 Earth Magic
 - Level 15.1 Invocations
 - Level 4.0 Evocations


You had 2 spell levels left.
You knew the following spells:

 Your Spells              Type           Power      Damage    Failure   Level
a - Enfeeble              Hex            68%        N/A       1%          7
b - Irradiate             Conj/Tmut      49%        3d30      2%          5
c - Ozocubu's Refrigerat  Ice            67%        4d18      1%          7
d - Dazzling Flash        Conj/Hex       100%       N/A       1%          3
e - Blink                 Tloc           100%       N/A       1%          2
f - Fulminant Prism       Conj/Hex       56%        3d25      1%          4
g - Confusing Touch       Hex            100%       N/A       0%          3
h - Wereblood             Tmut           100%       N/A       1%          2
i - Frozen Ramparts       Ice            100%       1d12      0%          3
j - Ensorcelled Hibernat  Hex/Ice        100%       N/A       0%          2

Your spell library contained the following spells:

 Spells                   Type           Power      Damage    Failure   Level
 Freeze                   Ice            100%       1d11      0%          1
 Animate Skeleton         Necr           100%       N/A       1%          1
 Apportation              Tloc           100%       N/A       1%          1
 Beastly Appendage        Tmut           100%       N/A       1%          1
 Foxfire                  Conj/Fire      100%       2x1d9     1%          1
 Magic Dart               Conj           100%       1d8       1%          1
 Pain                     Necr           100%       1d9       1%          1
 Sandblast                Erth           100%       2d20      1%          1
 Passwall                 Tmut/Erth      74%        N/A       1%          2
 Searing Ray              Conj           100%       2d8       1%          2
 Summon Small Mammal      Summ           100%       N/A       2%          1
 Scorch                   Fire           70%        2d8       3%          2
 Tukima's Dance           Hex            100%       N/A       0%          3
 Inner Flame              Hex/Fire       100%       N/A       1%          3
 Portal Projectile        Hex/Tloc       100%       N/A       1%          3
 Spider Form              Tmut/Pois      85%        N/A       1%          3
 Hailstorm                Conj/Ice       100%       3d20      1%          4
 Ice Form                 Ice/Tmut       100%       N/A       1%          4
 Summon Ice Beast         Ice/Summ       100%       N/A       1%          4
 Blade Hands              Tmut           56%        N/A       1%          5
 Yara's Violent Unravell  Hex/Tmut       63%        3d24      1%          5
 Conjure Flame            Conj/Fire      61%        6-21      2%          3
 Stone Arrow              Conj/Erth      100%       3d13      2%          3
 Vampiric Draining        Necr           65%        2d10      2%          3
 Gell's Gravitas          Tloc           59%        N/A       3%          3
 Lesser Beckoning         Tloc           59%        N/A       3%          3
 Teleport Other           Tloc           59%        N/A       3%          3
 Freezing Cloud           Conj/Ice/Air   47%        6-21      3%          5
 Iskenderun's Mystic Bla  Conj/Tloc      70%        2d14      6%          4
 Simulacrum               Ice/Necr       54%        N/A       6%          6
 Alistair's Intoxication  Tmut/Pois      56%        N/A       7%          5
 Flame Wave               Conj/Fire      61%        2d12      10%         4
 Excruciating Wounds      Necr           32%        N/A       21%         5
 Dragon Form              Tmut           56%        N/A       21%         7
 Olgreb's Toxic Radiance  Pois           35%        N/A       24%         4
 Manifold Assault         Tloc           59%        N/A       28%         5
 Starburst                Conj/Fire      30%        6d9       78%         6
 Dispersal                Tloc           29%        N/A       82%         6
 Storm Form               Tmut/Air       42%        N/A       88%         7
 Polar Vortex             Ice            67%        N/A       89%         9
 Summon Cactus Giant      Summ           17%        N/A       97%         6
 Ignition                 Fire           17%        3d7       100%        8


Dungeon Overview and Level Annotations

Branches:
Dungeon (15/15)            Temple (0/1) D:5            Lair (6/6) D:10
 Shoals (4/4) Lair:2       Spider (2/4) Lair:2        Slime (0/5) Lair:5
    Orc (2/2) D:10            Elf (2/3) Orc:2        Vaults (4/5) D:13
  Crypt (0/3) Vaults:3     Depths (2/4) D:15         Bailey (visited)
  IceCv (visited)

Altars:
Ashenzari
Cheibriados
Dithmenos
Elyvilon
Fedhas
Gozag
Makhleb
Nemelex Xobeh
Ru
Trog
Uskayaw
Vehumet
Wu Jian
Zin
The Shining One
Beogh
Jiyva

Shops:
D:1 (   D:9 :   D:13 ?   D:14 *![   Orc:2 *[:(   Elf:1 ?[*   Elf:2 (=?([
Shoals:2 *   Shoals:4 :([:   Depths:1 :==*

Portals:
Hell: Depths:1
Abyss: Depths:1
Pandemonium: Depths:2
Trove: D:14 (give 10 potions of heal wounds)

Annotations:
D:4 exclusion: downstairs
D:7 exclusions: ice beast and slime creature
Spider:1 2 transporters, dolemite99's ghost, journeyman GnEE


Innate Abilities, Weirdness & Mutations

You do not regenerate when monsters are visible.
You are frail without blood (-20% HP).
You can heal yourself when you bite living creatures.
You are immune to poison.
You have razor-sharp teeth.
You have supernaturally acute eyesight. (SInv)
You are afflicted with vampirism and can become a bat while bloodless.
You have a pair of small antennae on your head.
Your body sometimes deteriorates upon taking damage.
A frigid envelope surrounds you and freezes all who hurt you.


Message History

The +6 double sword is lightly damaged.
The walking frostbound tome erupts in a flurry of living spells!
The +6 double sword hits you!
* * * LOW HITPOINT WARNING * * *
The +6 double sword completely resists.
The nargun hits you.
The nargun completely resists.
The nargun bites you!
* * * LOW HITPOINT WARNING * * *
The nargun freezes you! You resist.
* * * LOW HITPOINT WARNING * * *
The nargun completely resists.
The +6 double sword hits you.
* * * LOW HITPOINT WARNING * * *
The +6 double sword resists.
The +6 double sword is very cold.
The +6 double sword is lightly damaged.
The +6 double sword hits you but does no damage.
The +6 double sword completely resists.
The nargun hits you!!
* * * LOW HITPOINT WARNING * * *
Your body deteriorates!
You feel clumsy.
Your willpower is stripped away!
The nargun completely resists.
The nargun bites you!
* * * LOW HITPOINT WARNING * * *
The nargun freezes you! You resist.
* * * LOW HITPOINT WARNING * * *
The nargun completely resists.
The +6 double sword hits you.
* * * LOW HITPOINT WARNING * * *
The +6 double sword resists.
The +6 double sword is very cold.
The +6 double sword is lightly damaged.
The walking frostbound tome erupts in a flurry of living spells!
You struggle to resist.
The +6 double sword hits you.
* * * LOW HITPOINT WARNING * * *
The +6 double sword resists.
The +6 double sword is very cold.
The +6 double sword is moderately damaged.
The nargun hits you!
* * * LOW HITPOINT WARNING * * *
The nargun completely resists.
The nargun bites you.
* * * LOW HITPOINT WARNING * * *
The nargun freezes you!! You resist.
You die...

...'.....'....#.............#
####..(..####.#.............#
#.....# #.'.............#
#.....# #.#.............#
####'## #.#.............# ...
#.#.............# ##
.#.##.##.##'#####'###'####⌠.
...##.......(........###>...
##### ###
####@#####.####⌠..;.. ....#
#*9;(*...#.......§ ....#
####*###.)9(§...⌠. ....# # #
###.;...... ....# ###⌠.....
....# ##>... ....# #⌠. ....#
# ##+##


You could see a walking frostbound tome, a nargun, 2 dancing weapons and 3
living spells.

Vanquished Creatures
  Jorgrun (D:15)
  Rupert (D:15)
  A lich (Depths:2)
  A titan (Vaults:2)
  Asterion (Spider:2)
  2 sphinxes
  2 krakens
  2 tengu reavers (Vaults:1)
  A fire giant (D:15)
  A nargun (Depths:2)
  6 frost giants
  3 orc warlords
  10 vault wardens
  An emperor scorpion (Spider:2)
  2 ghost moths
  A ghoul (Vaults:3)
  Louise (Spider:2)
  3 stone giants (Depths:2)
  2 war gargoyles
  A spriggan defender (Depths:1)
  7 very ugly things
  21 ironbound preservers
  Azrael (Orc:2)
  A deep elf annihilator (Elf:1)
  9 ironbound thunderhulks
  A vampire knight (Vaults:3)
  11 dire elephants
  5 entropy weavers
  3 spark wasps
  A white draconian (IceCv)
  4 merfolk javelineers
  Josephine (D:11)
  3 ettins
  2 crystal guardians
  4 fire dragons
  11 yaktaur captains
  7 great orbs of eyes
  11 merfolk impalers
  6 boulder beetles
  9 ice dragons
  3 vault guards (Vaults:3)
  An ogre mage (D:15)
  2 peacekeepers
  A merfolk avatar (Shoals:3)
  3 hydras
  2 death knights (Vaults:3)
  2 catoblepae
  12 ironbound frosthearts
  3 jorogumos
  A spriggan air mage (Depths:1)
  21 centaur warriors
  3 radroaches
  11 two-headed ogres
  6 merfolk aquamancers
  26 dancing weapons
  2 alligator snapping turtles (Shoals:4)
  An alligator (shapeshifter) (Vaults:1)
  14 death yaks
  3 deep troll shamans (Depths:2)
  3 tengu warriors
  2 deep troll earth magi
  3 orc high priests
  A spriggan berserker (Depths:1)
  Urug (D:11)
  A titan zombie (Vaults:1)
  Sonja (D:13)
  Amaemon (Lair:4)
  10 deep elf knights
  A sixfirhy (Depths:2)
  4 pharaoh ants (Spider:2)
  A spriggan (Depths:1)
  63 deep trolls
  12 sea snakes
  5 skeletal warriors (D:15)
  2 iron trolls (Depths:2)
  4 steelbarb worms
  A swamp dragon (shapeshifter) (Vaults:4)
  A flayed ghost (Vaults:2)
  2 orb spiders (Spider:2)
  2 spriggan simulacra (Spider:2)
  13 orc knights
  A tengu zombie (Depths:1)
  2 glowing orange brains (Depths:1)
  9 lindwurms
  7 deep elf archers
  24 deep elf pyromancers
  8 wizards
  12 ironbound convokers
  An orange crystal statue (IceCv)
  A swamp dragon (Lair:6)
  5 harpies (Shoals:4)
  2 phantasmal warriors
  24 deep elf zephyrmancers
  6 necromancers
  27 ugly things
  10 wolf spiders
  A sphinx skeleton (Depths:2)
  2 stone giant zombies
  7 orc sorcerers
  2 moths of wrath
  8 cyclopes
  6 fauns
  A stone giant skeleton (Vaults:4)
  14 manticores
  A human skeleton (Vaults:2)
  19 elephants
  19 vault sentinels
  A water nymph (shapeshifter) (D:13)
  17 merfolk sirens
  A black mamba (shapeshifter) (Vaults:1)
  7 black mambas
  A rust devil (Depths:2)
  2 orange demons
  7 water nymphs
  A gargoyle (D:12)
  6 torpor snails
  Maggie (D:7)
  A human zombie (Vaults:1)
  15 cane toads
  14 rime drakes
  An unseen horror (shapeshifter) (Elf:2)
  An efreet (D:13)
  7 demonic crawlers
  2 tengu conjurers
  A tormentor (Depths:2)
  A spriggan zombie (Depths:1)
  A hellwing (Depths:2)
  A kobold demonologist (D:12)
  31 yaktaurs
  An entropy weaver simulacrum (Spider:2)
  2 anaconda simulacra (Spider:2)
  A golden dragon simulacrum (Depths:2)
  7 komodo dragons
  An ice devil (Depths:2)
  44 merfolk
  A red devil (Depths:2)
  A yaktaur skeleton (Vaults:4)
  15 polar bears
  3 tyrant leeches (Lair:6)
  8 trolls
  A queen bee (Lair:3)
  9 hornets
  A tengu simulacrum (Vaults:2)
  5 wind drakes
  17 slime creatures
  Grinder (D:2)
  14 tarantellas
  A tarantella (shapeshifter) (Elf:2)
  16 blink frogs
  A jumping spider (shapeshifter) (D:14)
  24 dream sheep
  21 jumping spiders
  11 snapping turtles
  Sigmund (D:3)
  13 culicivoras
  19 water elementals
  49 yaks
  2 ynoxinuls (Depths:2)
  2 air elementals
  A wyvern (shapeshifter) (Elf:2)
  12 wyverns
  6 fire elementals
  3 wraiths (D:11)
  An ettin skeleton (Depths:1)
  8 vampire mosquitoes
  31 redbacks
  2 chaos spawn (Depths:2)
  9 basilisks
  A minotaur simulacrum (Spider:2)
  3 steam dragons
  A harpy simulacrum (Spider:2)
  A warg (Orc:2)
  3 acid dragons
  3 hell hounds
  18 water moccasins
  A floating eye (Depths:2)
  Duvessa (D:5)
  2 swamp drakes (Lair:6)
  17 ogres
  2 ice beasts
  4 black bears
  39 orc warriors
  An ettin simulacrum (Vaults:4)
  19 wolves
  11 centaurs
  A phantom (D:6)
  4 kobold brigands
  A gnoll sergeant (D:11)
  A necrophage (D:6)
  3 earth elementals
  15 bullfrogs
  A deep troll simulacrum (Spider:2)
  2 scorpions (D:4)
  5 wights
  Dowan (D:5)
  31 killer bees
  6 howler monkeys
  5 electric eels
  2 jellies (D:6)
  16 orc priests
  4 hounds
  Crazy Yiuf (D:3)
  A gnoll shaman (D:4)
  Ijyb (D:3)
  5 iguanas
  17 orc wizards
  17 hell rats
  Robin (D:3)
  13 gnolls
  4 adders
  A shadow imp (D:6)
  3 white imps
  An ufetubus (D:4)
  A worm (D:2)
  2 dart slugs
  73 orcs
  5 ball pythons
  8 endoplasms
  A giant cockroach (D:2)
  22 goblins
  14 hobgoblins
  8 jackals
  4 quokkas
  3 bats
  A frilled lizard (D:1)
  19 kobolds
  4 rats
  2 tentacles (Shoals:4)
1573 creatures vanquished.

Vanquished Creatures (collateral kills)
  2 death yaks (Lair:3)
2 creatures vanquished.

Vanquished Creatures (others)
  A deep elf zephyrmancer (Elf:1)
  A deep elf pyromancer (Elf:2)
  A slime creature (D:13)
  An air elemental (Elf:2)
  An orc (Orc:2)
  A kobold (D:8)
  2 bushes (Lair:6)
  9 fulminant prisms
  66 fungi
  282 plants
  3 tentacles (Shoals:4)
368 creatures vanquished.

Grand Total: 1943 creatures vanquished

Notes
Turn   | Place    | Note
-------+----------+-------------------------------------------
     0 | D:1      | iguanaiguana the Vampire Enchanter began the quest for the
                  | Orb.
     0 | D:1      | Reached XP level 1. HP: 13/13 MP: 3/3
    32 | D:1      | Found Juros's Weapon Emporium.
   144 | D:1      | Reached skill level 1 in Ice Magic
   144 | D:1      | Reached XP level 2. HP: 19/19 MP: 5/5
   147 | D:1      | Learned a level 2 spell: Ensorcelled Hibernation
   406 | D:1      | Found a faded altar of an unknown god.
   467 | D:1      | Upgraded the game from 0.29-a0-243-g602b31c20e to
                  | 0.29-a0-251-g80730f7218
   759 | D:2      | Found the ring of the Mage {Wiz Archmagi}
   995 | D:2      | Gained mutation: You are afflicted with vampirism and can
                  | become a bat while bloodless. [Vampire growth]
   995 | D:2      | Reached XP level 3. HP: 19/19 MP: 3/6
  1000 | D:2      | Learned a level 3 spell: Confusing Touch
  1229 | D:2      | Upgraded the game from 0.29-a0-251-g80730f7218 to
                  | 0.29-a0-270-g1586fc07ea
  1246 | D:2      | Reached skill level 1 in Shields
  2282 | D:2      | Reached skill level 1 in Fighting
  2282 | D:2      | Reached XP level 4. HP: 25/25 MP: 4/7
  2646 | D:3      | Noticed Grinder
  2660 | D:2      | Killed Grinder
  2661 | D:2      | Reached XP level 5. HP: 29/29 MP: 5/9
  2661 | D:2      | Reached XP level 6. HP: 34/34 MP: 5/10
  2708 | D:3      | Noticed Robin
  2820 | D:3      | Killed Robin
  2882 | D:3      | Noticed Sigmund
  2895 | D:3      | Noticed Ijyb
  2935 | D:3      | Reached skill level 5 in Hexes
  2994 | D:3      | Found a runed translucent door.
  2995 | D:3      | Noticed Crazy Yiuf
  3124 | D:3      | Killed Crazy Yiuf
  3339 | D:3      | Identified the +7 spear of the Coward {drain, Str+2 Int+2}
  3960 | D:4      | Reached skill level 5 in Stealth
  4002 | D:4      | Identified the +8 long sword of No Interval {vorpal, rF+
                  | Str+2 Int+4}
  4036 | D:4      | Found a snail-covered altar of Cheibriados.
  4046 | D:4      | Became a worshipper of Cheibriados the Contemplative
  4113 | D:4      | Reached skill level 1 in Long Blades
  4113 | D:4      | Reached skill level 6 in Stealth
  4113 | D:4      | Reached XP level 7. HP: 14/38 MP: 3/11
  4597 | D:4      | Found a burning altar of Makhleb.
  4632 | D:4      | You fall into a shaft and drop 2 floors!
  4650 | D:6      | Reached * piety under Cheibriados
  4651 | D:6      | Reached skill level 7 in Stealth
  4653 | D:6      | Reached skill level 8 in Stealth
  4776 | D:7      | Learned a level 3 spell: Tukima's Dance
  4780 | D:7      | Learned a level 3 spell: Dazzling Flash
  4924 | D:7      | Noticed a slime creature
  4924 | D:7      | Noticed a slime creature
  5039 | D:7      | Noticed Maggie
  5276 | D:7      | Found an opulent altar of Gozag.
  5412 | D:7      | Reached skill level 1 in Conjurations
  5433 | D:7      | Reached XP level 8. HP: 43/43 MP: 3/12
  5652 | D:6      | Found a blossoming altar of Fedhas.
  5749 | D:5      | Entered Level 5 of the Dungeon
  6051 | D:5      | Found a shadowy altar of Dithmenos.
  6052 | D:5      | Found a sparkling altar of Nemelex Xobeh.
  6052 | D:5      | Noticed Dowan
  6054 | D:5      | Found a broken altar of Ashenzari.
  6055 | D:5      | Noticed Duvessa
  6175 | D:3      | Reached ** piety under Cheibriados
  6181 | D:3      | Killed Ijyb
  6208 | D:3      | Killed Sigmund
  6315 | D:5      | Reached skill level 1 in Invocations
  6381 | D:5      | Killed Duvessa
  6389 | D:5      | Killed Dowan
  6494 | D:5      | Found a staircase to the Ecumenical Temple.
  6703 | D:5      | Found a sacrificial altar of Ru.
  6704 | D:5      | Found an ornate altar of the Wu Jian Council.
  6777 | D:5      | Reached skill level 1 in Evocations
  7710 | D:6      | Reached XP level 9. HP: 49/49 MP: 10/13
  8247 | D:7      | Reached *** piety under Cheibriados
  8260 | D:7      | Reached skill level 9 in Stealth
  8363 | D:7      | Killed Maggie
  8502 | D:7      | Reached skill level 5 in Short Blades
  8681 | D:8      | Found a bloodstained altar of Trog.
  9605 | D:9      | Found Qiom's Book Boutique.
  9669 | D:9      | Reached **** piety under Cheibriados
  9748 | D:9      | Reached XP level 10. HP: 56/56 MP: 14/14
  9788 | D:9      | Reached skill level 10 in Stealth
 10364 | D:9      | Reached skill level 5 in Dodging
 10691 | D:9      | Reached skill level 5 in Fighting
 10691 | D:9      | Reached skill level 11 in Stealth
 10691 | D:9      | Reached skill level 5 in Shields
 10691 | D:9      | Reached skill level 5 in Invocations
 10691 | D:9      | Reached XP level 11. HP: 64/64 MP: 15/15
 10783 | D:10     | Entered Level 10 of the Dungeon
 10847 | D:10     | Found a staircase to the Orcish Mines.
 10847 | D:10     | Found a flagged portal.
 10855 | Bailey   | Entered a bailey
 10994 | Bailey   | Noticed an orc sorcerer
 11002 | Bailey   | Killed an orc sorcerer
 11024 | Bailey   | Found an iron altar of Okawaru.
 11024 | Bailey   | Noticed an orc high priest
 11033 | Bailey   | Noticed a sixfirhy
 11043 | Bailey   | Noticed an orc knight
 11047 | Bailey   | Reached ***** piety under Cheibriados
 11052 | Bailey   | Killed an orc knight
 11124 | Bailey   | Acquired the +2 cloak of the Thief {*Fog Slay-2 SInv
                  | Stlth+}
 11124 | Bailey   | Found the +2 cloak of the Thief {*Fog Slay-2 SInv Stlth+}
 11233 | Bailey   | Reached skill level 12 in Stealth
 11283 | Bailey   | Killed an orc high priest
 11293 | Bailey   | Reached XP level 12. HP: 68/68 MP: 13/17
 11491 | D:10     | Reached skill level 5 in Armour
 11740 | D:10     | Found a staircase to the Lair.
 11926 | D:10     | Noticed a two-headed ogre
 11931 | D:10     | Killed a two-headed ogre
 12174 | Lair:1   | Entered Level 1 of the Lair of Beasts
 12272 | Lair:1   | Reached XP level 13. HP: 74/74 MP: 15/18
 13827 | Lair:2   | Reached skill level 13 in Stealth
 13829 | Lair:2   | Found a hole to the Spider Nest.
 13938 | Lair:2   | Reached ****** piety under Cheibriados
 14213 | Lair:2   | Found a staircase to the Shoals.
 14556 | Lair:2   | Learned a level 2 spell: Blink
 14760 | Lair:3   | Reached skill level 1 in Translocations
 15230 | Lair:3   | Reached skill level 10 in Hexes
 16154 | Lair:3   | Reached XP level 14. HP: 33/80 MP: 10/21
 16445 | Lair:3   | Learned a level 4 spell: Fulminant Prism
 17309 | Lair:3   | Reached skill level 5 in Spellcasting
 17522 | Lair:4   | Identified the +0 leather armour of Lugonu's Castigation
                  | {rN++ Will- Regen+ rCorr}
 17933 | Lair:3   | Reached skill level 14 in Stealth
 18084 | Lair:4   | Noticed Amaemon
 18149 | Lair:4   | Killed Amaemon
 19357 | Lair:5   | Identified the +3 mace "Impbane" {vamp, SInv}
 19395 | Lair:5   | You fall into a shaft and drop 1 floor!
 19395 | Lair:6   | Entered Level 6 of the Lair of Beasts
 19842 | Lair:5   | Found a viscous altar of Jiyva.
 19843 | Lair:5   | Found a staircase to the Slime Pits.
 20469 | Lair:6   | Reached skill level 10 in Invocations
 21063 | Lair:6   | Reached skill level 15 in Stealth
 21212 | Lair:5   | Upgraded the game from 0.29-a0-270-g1586fc07ea to
                  | 0.29-a0-271-gd4eb659eea
 21229 | Lair:6   | Reached XP level 15. HP: 88/88 MP: 19/24
 21605 | Lair:6   | Reached skill level 1 in Transmutations
 21943 | Lair:6   | Found a runed translucent door.
 22109 | Lair:6   | Learned a level 5 spell: Irradiate
 22179 | Lair:6   | Reached skill level 10 in Dodging
 22407 | D:11     | Noticed Urug
 22414 | D:11     | Killed Urug
 22439 | D:11     | Noticed Josephine
 22445 | D:11     | Killed Josephine
 23470 | Orc:1    | Entered Level 1 of the Orcish Mines
 23978 | Orc:2    | Entered Level 2 of the Orcish Mines
 23978 | Orc:2    | Found Zocosoo's Antique Weapon Emporium.
 24091 | Orc:2    | Found a staircase to the Elven Halls.
 24224 | Orc:2    | Found Dunoq's General Store.
 24224 | Orc:2    | Noticed an orc warlord
 24636 | Orc:2    | Killed an orc warlord
 24978 | Orc:2    | Bought a scroll of acquirement for 728 gold pieces
 24978 | Orc:2    | Bought a scroll of blinking for 105 gold pieces
 24978 | Orc:2    | Acquired the amulet "Ereafrasch" {rF+ Will+ Regen+ Int+5}
 25035 | Orc:2    | Found Ledyeruu's Antique Armour Shoppe.
 25072 | Orc:2    | Reached skill level 10 in Short Blades
 25296 | Orc:2    | Found Afamm's Book Emporium.
 25683 | Orc:2    | Reached skill level 5 in Transmutations
 26018 | Orc:2    | Noticed Azrael
 26025 | Orc:2    | Killed Azrael
 26026 | Orc:2    | Reached skill level 16 in Stealth
 26573 | D:13     | Found Zuigips's Magic Scroll Emporium.
 26581 | D:13     | Bought a scroll of silence for 82 gold pieces
 26581 | D:13     | Bought a scroll of blinking for 82 gold pieces
 26581 | D:13     | Bought a scroll of fear for 38 gold pieces
 26581 | D:13     | Bought a scroll of enchant weapon for 82 gold pieces
 26929 | D:13     | Reached XP level 16. HP: 94/94 MP: 26/26
 27081 | D:13     | Found a gate to the Vaults.
 27223 | D:13     | Noticed Sonja
 27228 | D:13     | Killed Sonja
 27286 | D:14     | Found a hide-covered altar of Uskayaw.
 27366 | D:14     | Found Amuocsux's Distillery.
 27523 | D:14     | Found Higgon's Armour Emporium.
 27801 | D:14     | Found a portal to a secret trove of treasure.
 27937 | D:14     | Found Galit's General Store.
 28127 | D:15     | Entered Level 15 of the Dungeon
 28157 | D:15     | Found a staircase to the Depths.
 28658 | D:15     | Noticed Rupert
 28674 | D:15     | Killed Rupert
 28828 | D:15     | Noticed Jorgrun
 28832 | D:15     | Killed Jorgrun
 29099 | Spider:1 | Entered Level 1 of the Spider Nest
 29265 | Lair:2   | Found a hole to the Spider Nest.
 29330 | Lair:2   | Found a staircase to the Shoals.
 29720 | Spider:1 | Found a transporter.
 29725 | Spider:1 | Noticed dolemite99's ghost (journeyman GnEE)
 29793 | Spider:1 | Found a transporter.
 30402 | Spider:2 | Found a frozen archway.
 30497 | IceCv    | Entered an ice cave
 30625 | IceCv    | Reached skill level 17 in Stealth
 30802 | IceCv    | Reached XP level 17. HP: 68/100 MP: 19/29
 31591 | Spider:2 | Noticed Asterion
 31596 | Spider:2 | Killed Asterion
 31888 | Spider:2 | Noticed Louise
 32072 | Spider:2 | Killed Louise
 32758 | Shoals:1 | Entered Level 1 of the Shoals
 33311 | Shoals:1 | Reached skill level 10 in Fighting
 33311 | Shoals:1 | Reached skill level 1 in Necromancy
 33696 | Shoals:2 | Found Joeqoj's General Store.
 33964 | Shoals:2 | Reached skill level 10 in Transmutations
 34008 | Shoals:2 | Reached skill level 1 in Earth Magic
 34129 | Shoals:2 | Reached XP level 18. HP: 98/107 MP: 15/30
 34816 | Orc:2    | Bought runed fire dragon scales for 2268 gold pieces
 35066 | Shoals:3 | Learned a level 2 spell: Wereblood
 35417 | Shoals:3 | Identified the +1 chain mail "Kiguntid" {-Cast Rampage
                  | Str+6 SInv}
 35595 | Shoals:3 | Reached skill level 18 in Stealth
 35649 | Shoals:3 | Found a radiant altar of Vehumet.
 36073 | Shoals:4 | Entered Level 4 of the Shoals
 36073 | Shoals:4 | Found Wipsyew's Book Shop.
 36091 | Shoals:4 | Gained mutation: Your spells are a little easier to cast,
                  | but a little less powerful. [mutagenic glow]
 36626 | Shoals:4 | Found Poelo's Book Boutique.
 36686 | Shoals:4 | Found Till's Weapon Shoppe.
 36776 | Shoals:4 | Identified the +2 hand axe "Xucy" {freeze, Will+}
 36979 | Shoals:4 | Gained mutation: You are clumsy. (Dex -2) [mutagenic glow]
 37025 | Shoals:4 | Lost mutation: You are clumsy. (Dex -2) [potion of
                  | mutation]
 37025 | Shoals:4 | Lost mutation: Your spells are a little easier to cast, but
                  | a little less powerful. [potion of mutation]
 37025 | Shoals:4 | Gained mutation: Your muscles are strong. (Str +2) [potion
                  | of mutation]
 37025 | Shoals:4 | Gained mutation: You are resistant to electric shocks.
                  | (rElec) [potion of mutation]
 37025 | Shoals:4 | Gained mutation: Your body sometimes deteriorates upon
                  | taking damage. [potion of mutation]
 37545 | Shoals:4 | Found Bumist's Armour Emporium.
 37564 | Shoals:4 | Bought a +1 pair of boots of flying for 165 gold pieces
 37854 | Shoals:4 | Identified the +8 hunting sling of the Orange Skies {venom,
                  | rF+}
 37929 | Shoals:4 | Got a barnacled rune of Zot
 38253 | Vaults:1 | Entered Level 1 of the Vaults
 38311 | Vaults:1 | Found the +9 heavy crossbow "Sniper" {vorpal, Acc+∞ SInv}
 38328 | Vaults:1 | HP: 2/108 [war gargoyle/spray of metal splinters (20)]
 38329 | Vaults:1 | Gained mutation: Your body often deteriorates upon taking
                  | damage. [mutagenic glow]
 38504 | Vaults:1 | Learned a level 3 spell: Frozen Ramparts
 38542 | Vaults:1 | Reached skill level 5 in Ice Magic
 38876 | Vaults:1 | Reached XP level 19. HP: 113/113 MP: 32/32
 40041 | Vaults:2 | Reached skill level 19 in Stealth
 40225 | Vaults:2 | Lost mutation: Your body often deteriorates upon taking
                  | damage. [potion of mutation]
 40225 | Vaults:2 | Lost mutation: You are resistant to electric shocks.
                  | (rElec) [potion of mutation]
 40225 | Vaults:2 | Lost mutation: Your muscles are strong. (Str +2) [potion of
                  | mutation]
 40225 | Vaults:2 | Gained mutation: You have a pair of small antennae on your
                  | head. [potion of mutation]
 40225 | Vaults:2 | Gained mutation: A frigid envelope surrounds you and
                  | freezes all who hurt you. [potion of mutation]
 40381 | Vaults:2 | Reached skill level 10 in Spellcasting
 40983 | Vaults:2 | Reached skill level 15 in Invocations
 41982 | Elf:1    | Entered Level 1 of the Elven Halls
 42012 | Elf:1    | Reached skill level 10 in Ice Magic
 42260 | Shoals:4 | Bought a book of Misfortune for 612 gold pieces
 42465 | Elf:1    | Learned a level 7 spell: Enfeeble
 42514 | Elf:1    | Found Anisojuf's Magic Scroll Emporium.
 42516 | Elf:1    | Found Dyjoffur's Antique Armour Shoppe.
 42518 | Elf:1    | Found Lif Bace's Assorted Antiques.
 42526 | Elf:1    | Bought a cyan potion for 27 gold pieces
 43385 | Elf:1    | Bought a scroll of teleportation for 33 gold pieces
 43385 | Elf:1    | Bought a scroll of teleportation for 33 gold pieces
 43400 | Elf:2    | Found Jeikh's Armour Boutique.
 43794 | Elf:2    | Paralysed by an air elemental for 1 turns
 43840 | Elf:2    | Found Adeck's Magic Scroll Shoppe.
 43868 | Elf:2    | Reached skill level 15 in Hexes
 43868 | Elf:2    | Reached XP level 20. HP: 116/120 MP: 28/34
 44065 | Elf:2    | Found Viqofuvuve's Weapon Emporium.
 44110 | Elf:2    | Found Jogaofai's Jewellery Shoppe.
 44121 | Elf:2    | Found Nimolote's Weapon Shop.
 44466 | Elf:2    | Found a runed translucent gate.
 44466 | Elf:2    | Found a runed translucent gate.
 44466 | Elf:2    | Found a runed translucent gate.
 45495 | Vaults:3 | Upgraded the game from 0.29-a0-271-gd4eb659eea to
                  | 0.29-a0-275-g389c0b56f3
 45506 | Vaults:3 | Learned a level 7 spell: Ozocubu's Refrigeration
 46528 | Vaults:3 | Found a staircase to the Crypt.
 46586 | Vaults:3 | Reached skill level 15 in Ice Magic
 48082 | Vaults:3 | Reached XP level 21. HP: 125/125 MP: 35/35
 51215 | Depths:1 | Entered Level 1 of the Depths
 51217 | Depths:1 | Found a gateway to Hell.
 51439 | Depths:1 | Found Coshofec's Book Shoppe.
 51439 | Depths:1 | Found Joggaj's Jewellery Shop.
 51440 | Depths:1 | Found Vefych's Jewellery Shop.
 51468 | Depths:1 | Found Uloseergh's CLEARANCE SALE!.
 51567 | Depths:1 | Found a one-way gate to the infinite horrors of the Abyss.
 53307 | Depths:2 | Found a one-way gate leading to the halls of Pandemonium.
 53310 | Depths:2 | Reached skill level 10 in Shields
 53850 | Depths:2 | Slain by a nargun

Illustrated notes

Levels and vault maps discovered:
D:1:      dpeg_arrival_pits, layout_loops_ring,
          chequers_ecumenical_altar_island, serial_shops,
          nicolae_shop_waterfront
D:2:      layout_basic, dk_vineyard_3, kennysheep_generic_room_2
D:3:      layout_basic, minmay_statues_item, uniq_robin, uniq_grinder,
          uniq_ijyb, uniq_sigmund, uniq_crazy_yiuf_cottage
D:4:      layout_loops_cross, good_gods_temple_1, mainiacjoe_overflow_alcove_4,
          cheibriados_altar_1
D:5:      layout_gridville, grunt_temple_overflow_open,
          minmay_temple_entry_grid, serial_co_window_serial, co_window_paths_b,
          co_window_cross_1, co_window_paths_b, co_window_corner_a,
          co_window_paths_a, co_window_of_opportunity_a, co_window_corner_a,
          co_window_broadway_b, co_window_2corner, co_window_broadway_a,
          co_window_corner_b, co_window_cross_2, co_window_paths_e, uniq_duvessa
D:6:      kennysheep_six_static_rooms, layout_cave_pools,
          nicolae_overflow_crystal_walls, serial_glass, glass_columns_a,
          glass_columns_a, enter_ossuary_2
D:7:      layout_loops_ring, mainiacjoe_overflow_tiny_flanked, uniq_maggie
D:8:      layout_basic, mainiacjoe_overflow_catwalk
D:9:      cheibrodos_steamvent, layout_cave_pods, serial_shops,
          nicolae_square_shop, kennysheep_windowed_goal
D:10:     layout_small_grid, lair_entry_dummy, orc_0_dummy, enter_bailey_2
D:11:     layout_big_octagon, uniq_josephine, uniq_urug
D:12:     layout_basic
D:13:     layout_basic, david_vaults_4, serial_shops, nicolae_shop_statue_plus,
          grunt_ogre_cave, uniq_sonja
D:14:     layout_stronghold, serial_shops,
          nicolae_shop_competitors_out_of_business, shop,
          nicolae_shop_advertising_works [nicolae_subvault_shop_adworks],
          minmay_misc_feat_secret_circle, enter_trove_3,
          nicolae_uskayaw_dance_hall
D:15:     grunt_enter_depths_giant_problem, layout_irregular_city,
          chequers_jeans, uniq_rupert, uniq_jorgrun
Lair:1:   layout_cave_pods, serial_forest, infiniplex_forest_clump_tiny,
          infiniplex_forest_end_3, infiniplex_forest_clump_small,
          infiniplex_forest_lined_3, infiniplex_forest_straight_4,
          infiniplex_forest_clump_diagonal, infiniplex_forest_clump_C,
          cheibrodos_lair_lostbears
Lair:2:   layout_regular_city, elwin_shoals_entry_stream,
          nicolae_spider_entry_tight_spaces
Lair:3:   layout_roguey [special_room_bee], guppyfry_lair_drakes
Lair:4:   layout_cave_shapes, special_room [special_room_mythical_zoo],
          serial_forest, infiniplex_forest_lined_2,
          infiniplex_forest_clump_long, infiniplex_forest_corner_1,
          infiniplex_forest_lined_2, infiniplex_forest_corner_2,
          infiniplex_forest_lined_4_way, infiniplex_forest_lined_corner,
          uniq_amaemon
Lair:5:   layout_roguey, slime_altar_1, serial_bayou_lagoon_b, lemuel_fruit_tree
Lair:6:   wormcave, layout_long_grid, guppyfry_lair_end_dragon,
          nicolae_lair_grazing_beasts [nicolae_sub_lair_graze_edge,
          nicolae_sub_lair_graze_edge, nicolae_sub_lair_graze_edge,
          nicolae_sub_lair_graze_edge]
Shoals:1: layout_shoals
Shoals:2: layout_shoals, serial_shops, shop
Shoals:3: layout_shoals, wheals_shoals_ruined_temple
Shoals:4: shoals_end_hangedman, layout_shoals, serial_shops,
          nicolae_diamond_shop, nicolae_square_shop, nicolae_diamond_shop,
          nicolae_shop_crystal
Spider:1: layout_spider_delve, gammafunk_ghost_arena,
          nicolae_spider_some_kinda_spiderbox
Spider:2: layout_spider_delve, portal_ice_cave_entry_ice_simulacra, uniq_louise,
          uniq_asterion
Orc:1:    layout_caves, lightli_orcish_oven
Orc:2:    grunt_orc_gardens, layout_caves, grunt_orc_garden, grunt_orc_garden,
          grunt_orc_garden, grunt_orc_garden, minmay_orc_temple_c, uniq_azrael
Elf:1:    minmay_elf_arrival_plus, layout_geoelf_diagonals, minmay_elf_sorcery,
          minivault_14, minmay_shop_star
Elf:2:    nicolae_elf_blades_splatter_lattice [mumra_blade_entry_dagger],
          layout_loops_cross, serial_shops, shop_statue, shop,
          nicolae_shop_behind_doors, shop,
          nicolae_shop_temple_entry_statues_fountains
Vaults:1: grunt_vaults_diagonal, hangedman_vaults_slither,
          minmay_guarded_unrand_secular_launcher, v_misc_15,
          hangedman_vaults_impose, hangedman_vaults_stagger, v_misc_14,
          vaults_room_stairs_pillars, v_misc_25, vaults_room_boxed,
          nicolae_vaults_rhombus_5, vaults_room_door_ring,
          nicolae_vaults_little_squares_3, layout_vaults_omnibox
Vaults:2: vaults_room_corners, grunt_vaults_hallway_long,
          nicolae_vaults_alarming, ontoclasm_vaults_ring_square, v_misc_28,
          nicolae_vaults_windows_and_doors_thing, v_misc_2,
          hangedman_vaults_restitches, nicolae_vaults_know_your_exits,
          grunt_vaults_hallway_short, v_misc_23, layout_vaults_maze_bifur
Vaults:3: v_rooms_2, vaults_mumra_hexcomb, vaults_mumra_minichess, v_misc_13,
          minmay_crypt_entry_simple_plaza,
          vaults_standard_mumra_enter_the_diamond, nicolae_vaults_network_star,
          vaults_room_hallway, nicolae_vaults_mini_display_case,
          layout_vaults_chaotic_city
Vaults:4: v_misc_11, ontoclasm_vaults_misaligned, vaults_room_door_hall,
          nicolae_vaults_what_the_h, ontoclasm_vaults_spin, v_misc_29,
          layout_vaults_quadrants
Depths:1: layout_basic, chequers_serial_rivers_room_b, abyss_entry, hell_entry,
          drop_trap, amcnicky_mini_pool_small, nicolae_shop_clearance,
          minmay_shop_grove, grunt_megastairs_4, serial_bayou_shore_b
Depths:2: hangedman_elemental_death_ray, layout_gridlike,
          abyss_entry_small_statue_room, grunt_pan_entry_in_and_out, hell_entry,
          nicolae_rock_paper_scissors, infiniplex_staircase_river

Skill      XL: |  1  2  3  4  5  6  7  8  9 10 11 12 13 14 15 16 17 18 19 20 21 |
---------------+----------------------------------------------------------------+-----
Ice Magic      | 1 2 6 10 16 17 | 17.0
Shields        | 1 4 5 6 7 10 | 10.3
Fighting       | 1 2 3 5 6 8 9 10 11 | 11.4
Spellcasting   | 3 4 6 7 8 9 10 | 10.1
Hexes          | 6 7 8 9 10 12 15 16 17 | 17.6
Stealth        | 6 8 9 11 12 13 15 16 17 18 19 | 19.7
Long Blades    | 1 3 4 |  4.0
Conjurations   | 1 2 3 4 |  4.6
Short Blades   | 3 5 7 9 10 11 13 | 13.7
Dodging        | 3 4 6 7 8 9 10 11 12 13 | 13.4
Invocations    | 1 3 5 6 7 8 10 11 12 13 14 15 | 15.1
Evocations     | 1 3 4 |  4.0
Armour         | 2 4 5 6 7 |  7.1
Translocations | 2 |  2.0
Transmutations | 5 8 10 11 | 11.0
Necromancy     | 2 |  2.7
Earth Magic    | 1 |  1.4

Action                   |  1- 3 |  4- 6 |  7- 9 | 10-12 | 13-15 | 16-18 | 19-21 || total
-------------------------+-------+-------+-------+-------+-------+-------+-------++-------
Melee: Dagger            |    55 |    48 |   181 |   157 |   493 |       |       ||   934
       Punch             |     1 |       |       |       |       |       |       ||     1
       Bite              |       |     7 |    16 |    15 |    82 |   140 |   148 ||   408
       Long sword        |       |    13 |     5 |     7 |    71 |       |       ||    96
       Rapier            |       |       |       |       |   193 |   805 |   794 ||  1792
Throw: Dart              |       |       |       |     2 |    11 |     4 |     1 ||    18
       Throwing net      |       |       |       |       |     1 |       |       ||     1
 Cast: Ensorcelled Hiber |    26 |    26 |    59 |    42 |   342 |   132 |       ||   627
       Confusing Touch   |       |     1 |    12 |    15 |    23 |    29 |       ||    80
       Dazzling Flash    |       |       |     4 |     2 |    66 |    25 |     1 ||    98
       Blink             |       |       |       |       |     2 |     3 |       ||     5
       Fulminant Prism   |       |       |       |       |     5 |     2 |     2 ||     9
       Irradiate         |       |       |       |       |     4 |   154 |   102 ||   260
       Tukima's Dance    |       |       |       |       |     1 |       |       ||     1
       Enfeeble          |       |       |       |       |       |       |    76 ||    76
       Frozen Ramparts   |       |       |       |       |       |       |     3 ||     3
       Ozocubu's Refrige |       |       |       |       |       |       |    88 ||    88
Invok: Slouch            |       |       |       |       |    10 |       |     1 ||    11
 Abil: Exsanguinate      |     1 |       |       |       |       |       |     1 ||     2
       Revivify          |       |       |       |       |       |       |     1 ||     1
Evoke: Wand              |       |       |       |       |     3 |     7 |       ||    10
       Lightning rod     |       |       |       |       |       |     1 |       ||     1
  Use: Scroll            |       |     4 |    10 |     8 |    27 |    16 |     4 ||    69
       Potion            |       |       |     3 |     3 |     3 |    17 |     3 ||    29
 Stab: Sleeping          |    28 |    25 |    56 |    49 |   276 |   153 |    60 ||   647
       Distracted        |     1 |       |     1 |       |     5 |    12 |     7 ||    26
       Confused          |       |     2 |     8 |    11 |    21 |    28 |       ||    70
       Invisible         |       |       |     9 |     4 |    53 |    38 |    73 ||   177
       Held in net/web   |       |       |       |       |     4 |     2 |       ||     6
       Petrified         |       |       |       |       |     4 |       |       ||     4
       Paralysed         |       |       |       |       |       |     3 |       ||     3
Armor: Robe              |     8 |    17 |    36 |       |       |       |       ||    61
       Swamp dragon scal |       |       |    13 |    55 |   284 |   270 |       ||   622
       Plate armour      |       |       |       |       |       |    64 |       ||    64
       Fire dragon scale |       |       |       |       |       |   114 |   233 ||   347
Dodge: Dodged            |    19 |    39 |    74 |   114 |   804 |  1185 |   649 ||  2884
Block: Buckler           |     3 |    24 |    68 |    79 |   367 |   372 |   301 ||  1214
       Reflection        |       |       |    10 |     1 |     6 |    14 |    32 ||    63
       Kite shield       |       |       |       |       |       |       |   141 ||   141

Table legend: (Time is in decaauts)
 A = Elapsed time spent in this place.
 B = Non-inter-level travel time spent in this place.
 C = Inter-level travel time spent in this place.
 D = Time resting spent in this place.
 E = Time spent auto-exploring this place.
 F = Levels seen in this place.
 G = Mean time per level.
                   A        B        C        D        E       F      G
               +--------+--------+--------+--------+--------+-----+--------+
         Total |  81647 |  68178 |  13469 |   5001 |  46227 |  39 | 2093.5 |
       Dungeon |  23154 |  19257 |   3897 |   1336 |  14637 |  15 | 1543.6 |
          Lair |  16964 |  14694 |   2270 |   1136 |  10123 |   6 | 2827.3 |
        Shoals |   8881 |   6646 |   2235 |    456 |   3916 |   4 | 2220.2 |
   Spider Nest |   3703 |   2629 |   1074 |    154 |   1265 |   2 | 1851.5 |
  Orcish Mines |   4432 |   3399 |   1033 |    463 |   2044 |   2 | 2216.0 |
   Elven Halls |   4593 |   3630 |    963 |    243 |   2303 |   2 | 2296.5 |
        Vaults |  14084 |  12182 |   1902 |    920 |   8987 |   4 | 3521.0 |
        Depths |   3758 |   3666 |     92 |    232 |   2834 |   2 | 1879.0 |
        Bailey |    800 |    800 |      0 |     40 |      0 |   1 |  800.0 |
      Ice Cave |   1273 |   1273 |      0 |     21 |    117 |   1 | 1273.0 |
               +--------+--------+--------+--------+--------+-----+--------+

Top non-repeatable levels by time:
Vaults:3: 4189 daAuts
  Lair:2: 3905 daAuts
Vaults:4: 3705 daAuts
  Lair:3: 3231 daAuts
Vaults:1: 3217 daAuts
Shoals:4: 3030 daAuts
Vaults:2: 2972 daAuts
   Elf:2: 2892 daAuts
   Orc:2: 2871 daAuts
  Lair:6: 2832 daAuts
  Lair:4: 2810 daAuts
Depths:1: 2456 daAuts
  Lair:1: 2373 daAuts
    D:13: 2360 daAuts
Spider:2: 2176 daAuts
